 Dungeon Crawl Stone Soup version 0.20-a0-893-g832831a (webtiles) character file.

3807 4thArraOfDagon the Twirler (level 9, -8/68 HPs)
             Began as a Vampire Gladiator on Mar 17, 2017.
             Was a Priest of Qazlal.
             Splashed by an acid dragon's acid (17 damage)
             ... on level 9 of the Dungeon.
             The game lasted 00:15:15 (4565 turns).

4thArraOfDagon the Twirler (Vampire Gladiator)      Turns: 4565, Time: 00:15:16

Health: -8/68      AC:  3    Str: 13    XL:     9   Next: 96%
Magic:  12/12      EV: 14    Int: 13    God:    Qazlal [***...]
Gold:   489        SH:  4    Dex: 21    Spells: 6/8 levels left

rFire    . . .     SeeInvis +   w - +3 quarterstaff (chaos)
rCold    . . .     Gourm    .   A - +0 chain mail
rNeg     . . .     Faith    .   (shield currently unavailable)
rPois    .         Spirit   .   c - +0 helmet
rElec    .         Reflect  .   x - +0 cloak
rCorr    .         Harm     .   h - +0 pair of gloves
MR       .....                  y - +1 pair of boots
Stlth    ..........             F - amulet of magic regeneration
Regen    0.5/turn               (no ring)
MPRegen  0.2/turn               e - ring of flight

@: agile, corroded, regenerating quickly
A: fangs 3, see invisible, unbreathing
a: Upheaval, Elemental Force, Renounce Religion, Evoke Flight


You were on level 9 of the Dungeon.
You worshipped Qazlal.
Qazlal was most pleased with you.
You were very full.

You visited 2 branches of the dungeon, and saw 10 of its levels.

You collected 534 gold pieces.
You spent 45 gold pieces at shops.

Inventory:

Hand Weapons
 w - a +3 quarterstaff of chaos (weapon)
Missiles
 d - a throwing net (quivered)
Armour
 b - a +0 leather armour
 c - a +0 helmet (worn)
 h - a +0 pair of gloves (worn)
 q - a +2 shield of protection
 x - a +0 cloak (worn)
 y - a +1 pair of boots (worn)
 A - a +0 chain mail (worn)
Magical Staves
 G - an uncursed staff of power {!a}
Jewellery
 e - a ring of flight (left hand)
 F - an amulet of magic regeneration (around neck)
Wands
 t - a wand of confusion (2/48)
 v - a wand of flame (19/48)
 D - a wand of lightning (8/15)
 M - a wand of confusion (24/48)
 N - a wand of clouds (4/9)
 O - a wand of confusion (32/48)
Scrolls
 a - 2 scrolls of magic mapping {unknown}
 g - a scroll of random uselessness {unknown}
 i - 7 scrolls of teleportation {unknown}
 l - 11 scrolls of identify
 p - 8 scrolls of remove curse {unknown}
 r - 2 scrolls of enchant armour {unknown}
 s - a scroll of noise {unknown}
 u - 3 scrolls of blinking {unknown}
 C - 2 scrolls of enchant weapon {unknown}
 E - 4 scrolls of amnesia {unknown}
 I - a scroll of recharging {unknown}
 L - a scroll of immolation {unknown}
 Q - a scroll of brand weapon {unknown}
Potions
 f - 2 potions of brilliance {unknown}
 j - a potion of degeneration {unknown}
 k - 2 potions of agility
 m - 2 potions of lignification {unknown}
 n - a potion of might {unknown}
 o - 3 potions of curing
 z - 3 potions of heal wounds {unknown}
 B - a potion of haste {unknown}
 H - a potion of magic {unknown}
 J - a potion of flight {unknown}
 K - 9 potions of blood
 P - a potion of mutation {unknown}


   Skills:
 + Level 5.3 Fighting
 * Level 7.6 Staves
 - Level 1.5 Throwing
 + Level 4.8 Armour
 + Level 7.1 Dodging
 + Level 5.0 Invocations


You had 6 spell levels left.
You knew the following spells:

 Your Spells              Type           Power        Failure   Level  Hunger
a - Blink                 Tloc           N/A          100%        2    ###....


Dungeon Overview and Level Annotations

Branches:
Dungeon (9/15)             Temple (1/1) D:4
   Lair: D:8-11         Orc: D:9-12

Altars:
Cheibriados
Dithmenos
Elyvilon
Gozag
Hepliaklqana
Kikubaaqudgha
Makhleb
Nemelex Xobeh
Okawaru
Qazlal
Ru
Sif Muna
Trog
Uskayaw
Vehumet
Wu Jian
Xom
Yredelemnul
Zin
The Shining One

Shops:
D:5 *


Innate Abilities, Weirdness & Mutations

Your natural rate of healing is unusually fast.
You have razor-sharp teeth.
You have supernaturally acute eyesight. (SInv)
You can survive without breathing.


Message History

Unknown command.
Unknown command.
A killer bee comes into view.
The killer bee buzzes angrily.
The bullfrog is engulfed in blazing flames.
You kill the bullfrog!
Qazlal accepts your kill.
Your Invocations skill increases to level 5!
The acid dragon spits acid at you. The splash of acid misses you.
You hear an angry buzzing noise. x3
Unknown command.
Unknown command.
You hear an angry buzzing noise.
You hear a shout!
You hear a bellow! x3
You hear an angry hiss.
The acid dragon spits acid at you. The splash of acid hits you!
* * * LOW HITPOINT WARNING * * *
The acid corrodes you!
You are splashed with acid!
The acid burns!
You die...

## .. #. #.####
#.#.. #.#.#
######.#.##
#..>...@..#
#....z§.)§#######
.....#y##D.......
.... #. #########
... #. .y .. . ##


You could see an acid dragon, 2 killer bees and a wight.

Vanquished Creatures
  2 two-headed ogres (D:8)
  A hippogriff (D:8)
  Eustachio (D:5)
  A hungry ghost (D:7)
  An orc warrior (D:6)
  5 ogres
  A wolf (shapeshifter) (D:5)
  3 centaurs
  A big kobold (D:8)
  6 bullfrogs
  2 scorpions
  A howler monkey (shapeshifter) (D:8)
  A crimson imp (D:5)
  2 orc priests
  6 orc wizards
  Crazy Yiuf (D:2)
  2 iguanas
  Natasha (twice) (D:2)
  5 worker ants
  A worker ant zombie (D:5)
  6 adders
  4 shadow imps
  2 worms (D:6)
  3 dart slugs
  3 leopard geckos
  16 orcs
  2 ball pythons
  6 giant cockroaches
  3 goblins
  8 hobgoblins
  8 jackals
  A quokka (D:4)
  10 bats
  3 frilled lizards (D:1)
  11 kobolds
  2 quokka skeletons (D:4)
  8 rats
141 creatures vanquished.

Notes
Turn   | Place    | Note
-------+----------+-------------------------------------------
     0 | D:1      | 4thArraOfDagon the Vampire Gladiator began the quest for the Orb.
     0 | D:1      | Reached XP level 1. HP: 16/16 MP: 1/1
    53 | D:1      | Reached XP level 2. HP: 15/22 MP: 2/2
    92 | D:1      | Reached skill level 1 in Armour
   180 | D:2      | Reached XP level 3. HP: 24/27 MP: 3/3
   489 | D:4      | Found a staircase to the Ecumenical Temple.
   498 | Temple   | Entered the Ecumenical Temple
   550 | Temple   | Became a worshipper of Qazlal Stormbringer
   615 | D:4      | Noticed an ogre
   801 | D:2      | Noticed Natasha
   815 | D:2      | Killed Natasha
   815 | D:2      | Reached XP level 4. HP: 24/33 MP: 4/4
   930 | D:2      | Noticed Natasha
   942 | D:2      | Killed Natasha
   991 | D:2      | Found a runed door.
   995 | D:2      | Noticed Crazy Yiuf
  1010 | D:2      | Killed Crazy Yiuf
  1010 | D:2      | Reached XP level 5. HP: 38/38 MP: 5/5
  1660 | D:3      | Reached * piety under Qazlal
  2175 | D:4      | Killed an ogre
  2175 | D:4      | Reached skill level 1 in Invocations
  2175 | D:4      | Reached XP level 6. HP: 44/46 MP: 6/6
  2441 | D:5      | Entered Level 5 of the Dungeon
  2475 | D:5      | Noticed Eustachio
  2495 | D:5      | Killed Eustachio
  2495 | D:5      | Reached XP level 7. HP: 51/51 MP: 8/8
  2614 | D:5      | Found a shimmering altar of Xom.
  2743 | D:5      | Found Meaf's General Store.
  2774 | D:5      | Bought a potion of curing for 45 gold pieces
  2986 | D:5      | Found a deep blue altar of Sif Muna.
  3229 | D:6      | Reached skill level 5 in Dodging
  3232 | D:6      | Reached ** piety under Qazlal
  3232 | D:6      | Reached skill level 5 in Staves
  3262 | D:6      | Found a basalt altar of Yredelemnul.
  3341 | D:6      | Reached XP level 8. HP: 36/58 MP: 9/9
  3626 | D:7      | Learned a level 2 spell: Blink
  3679 | D:7      | Found a radiant altar of Vehumet.
  3686 | D:7      | Found a shadowy altar of Dithmenos.
  3688 | D:7      | Found a hazy altar of Hepliaklqana.
  3689 | D:7      | Found an iron altar of Okawaru.
  4297 | D:8      | Reached XP level 9. HP: 61/66 MP: 11/11
  4301 | D:8      | Reached *** piety under Qazlal
  4363 | D:8      | Noticed a two-headed ogre
  4373 | D:8      | Killed a two-headed ogre
  4501 | D:8      | Noticed a two-headed ogre
  4512 | D:8      | Reached skill level 5 in Fighting
  4520 | D:8      | Killed a two-headed ogre
  4564 | D:9      | Reached skill level 5 in Invocations
  4565 | D:9      | Splashed by an acid dragon's acid

Vault maps used:
D:1:      minmay_arrival_four_houses, minmay_crystal_room
D:2:      uniq_natasha, uniq_crazy_yiuf_cottage
D:4:      minmay_temple_entry_overgrown, first_bread, nicolae_underground_beach
D:5:      kennysheep_mini_moat, led_sif_pool, serial_shops, shop_fountains,
          uniq_eustachio
D:6:      serial_curves, eino_curves_02, eino_curves_04, eino_curves_01,
          yredelemnul_altar_generic
D:7:      minitemple
D:9:      mumra_celtic_spiral_tile, serial_shops, nicolae_shop_waterfront
Temple:   nicolae_temple_elliptical

Skill      XL: |  1  2  3  4  5  6  7  8  9 |
---------------+----------------------------+-----
Armour         | 1 2 3 4 |  4.8
Staves         | 3 4 5 6 7 |  7.6
Fighting       | 2 3 4 5 |  5.3
Dodging        | 4 5 6 7 |  7.1
Invocations    | 1 2 3 5 |  5.0
Throwing       | |  1.5

Action                   |  1- 3 |  4- 6 |  7- 9 || total
-------------------------+-------+-------+-------++-------
Melee: Quarterstaff      |   103 |   114 |   220 ||   437
       Bite              |     9 |    10 |    36 ||    55
Throw: Throwing net      |       |     1 |     4 ||     5
Evoke: Wand              |       |     3 |     9 ||    12
  Use: Potion            |     1 |       |     6 ||     7
       Scroll            |       |     1 |     1 ||     2
 Stab: Sleeping          |     1 |       |       ||     1
       Held in net/web   |       |     2 |       ||     2
       Confused          |       |     3 |     7 ||    10
       Petrified         |       |     2 |       ||     2
  Eat: Corpse            |     8 |     9 |     7 ||    24
Armor: Leather armour    |    26 |    22 |       ||    48
       Chain mail        |       |    18 |   106 ||   124
Dodge: Dodged            |    90 |    62 |    91 ||   243
Block: Other             |       |     3 |    17 ||    20
